 Dungeon Sprint DCSS version 0.32-a0-673-g3729bd50f8 (webtiles) character file.

Game seed: 11890777141845783484

1211 rocky1 the Spear-Bearer (level 8, 0/75 HPs)
             Began as a Mountain Dwarf Fighter on Mar 10, 2024.
             Was an Initiate of Gozag.
             Slain by a demonic crawler (4 damage)
             ... in the Dungeon (Sprint VII: "The Pits").
             The game lasted 00:04:56 (1546 turns).

rocky1 the Spear-Bearer (Mountain Dwarf Fighter)    Turns: 1546, Time: 00:04:58

Health: 0/75       AC: 19    Str: 21    XL:     8   Next: 22%
Magic:  14/14      EV:  7    Int:  9    God:    Gozag
Gold:   2052       SH:  5    Dex:  9    Spells: 15/15 levels left

rFire   . . .        o - +2 trident
rCold   . . .        c - +0 buckler
rNeg    . . .        v - +3 plate armour
rPois   .            t - +0 helmet
rElec   .            (no cloak)
rCorr   .            (no gloves)
SInv    .            u - +0 pair of boots
Will    .....        (no amulet) Stlth
                     (no ring)
HPRegen 0.32/turn    (no ring)
MPRegen 0.14/turn

%: no teleportation
@: on berserk cooldown, hasted and slowed
A: runic magic, artefact enchanting
a: Renounce Religion, Potion Petition, Call Merchant, Bribe Branch


You were in the Dungeon.
You worshipped Gozag.
Gozag was most pleased with you.
You visited 1 branch You collected 2052 gold pieces.

Inventory:

Hand Weapons
 a - a +0 trident
 o - a +2 trident (weapon)
 p - a +1 heavy trident
 w - a +2 heavy war axe
 x - a +2 heavy morningstar
 y - a +2 halberd of venom
Armour
 b - a +0 scale mail
 c - a +0 buckler (worn)
 q - a +3 chain mail
 t - a +0 helmet (worn)
 u - a +0 pair of boots (worn)
 v - a +3 plate armour (worn)
Jewellery
 r - a +3 ring of strength
 s - a +3 ring of strength
Scrolls
 j - a scroll of blinking
 l - 2 scrolls of vulnerability
 m - 5 scrolls of amnesia
Potions
 d - 3 potions of might
 e - 7 potions of curing
 f - 11 potions of heal wounds
 g - a potion of haste
 h - 4 potions of magic
 i - 3 potions of berserk rage
 k - 2 potions of invisibility


   Skills:
 - Level 8.7 Fighting
 + Level 2.3(9.3) Axes
 * Level 11.8(11.9) Polearms
 - Level 7.9 Armour
 - Level 3.8 Dodging
 - Level 7.6 Shields
 - Level 4.2 Spellcasting


You had 15 spell levels left.
You didn't know any spells.
Your spell library was empty.

Dungeon Overview and Level Annotations

Branches:
Dungeon (1/1)

Altars:
Ashenzari
Cheibriados
Dithmenos
Elyvilon
Fedhas
Gozag
Hepliaklqana
Kikubaaqudgha
Makhleb
Nemelex Xobeh
Okawaru
Qazlal
Ru
Sif Muna
Trog
Uskayaw
Vehumet
Wu Jian
Xom
Yredelemnul
Zin
The Shining One
Beogh
Jiyva
Lugonu


Innate Abilities, Weirdness & Mutations

Your spellcasting is much less encumbered by armour.
You can use scrolls of enchantment on lesser artefacts.


Message History

The demonic crawler is severely wounded.
The demonic crawler hits you.
* * * LOW HITPOINT WARNING * * *
The demonic crawler barely misses you. The demonic crawler hits you!
* * * LOW HITPOINT WARNING * * *
You closely miss the demonic crawler.
The demonic crawler is severely wounded.
The demonic crawler hits you but does no damage.
The demonic crawler hits you!
* * * LOW HITPOINT WARNING * * *
The demonic crawler closely misses you.
You barely miss the demonic crawler.
The demonic crawler is heavily wounded.
You feel yourself speed up.
The demonic crawler completely misses you.
The demonic crawler closely misses you. The demonic crawler barely misses you.
You hit the demonic crawler.
The demonic crawler is heavily wounded.
Your butterfly disappears in a burst of colours!
The demonic crawler closely misses you. The demonic crawler hits you.
* * * LOW HITPOINT WARNING * * *
You block the demonic crawler's attack.
You puncture the demonic crawler!
The demonic crawler is heavily wounded.
You hit the demonic crawler.
The demonic crawler is severely wounded.
Your butterfly disappears in a burst of colours!
The demonic crawler hits you but does no damage.
The demonic crawler hits you.
* * * LOW HITPOINT WARNING * * *
The demonic crawler hits you but does no damage.
Unknown command.
You impale the demonic crawler!!
The demonic crawler is almost dead.
You are no longer berserk.
You are exhausted.
You feel yourself slow down. The demonic crawler barely misses you.
The demonic crawler hits you.
You die...
Your body crumbles into a pile of gold.

############ #_________.#
#_________.#
#_______...###########++####
##########'##...............
#..(.')))'.##......#..#b....
##########.##...........b...
#..........@sn..............
#'#####'#####..b...#..#.....
#.#..#.)#..##...............
#.#..'..'..#####'#####''####
#.##)####+###.......##''#
#.#........##.......##n)##
#.#........##.......##)b.##
#.#####'#####...<...###..s#
#.#...).)[.##.......# ##b...


You could see a demonic crawler and a bog body (ally target).

Vanquished Creatures
  2 glass eyes (D)
  Edmund (D)
  An orc warrior (D)
  An ice beast (D)
  An ogre (D)
  A centaur (D)
  A brain worm (D)
  2 weeping skulls (D)
  A bullfrog (D)
  A hound (D)
  Terence (D)
  3 orc wizards (D)
  A gnoll (D)
  A white imp (D)
  An ufetubus (D)
  A dart slug (D)
  2 orcs (D)
  2 bat skeletons (D)
  An endoplasm (D)
  A hobgoblin (D)
  A quokka (D)
  A ball python (D)
  A kobold (D)
  A rat (D)
30 creatures vanquished.

Vanquished Creatures (others)
  An orc wizard (D)
1 creature vanquished.

Grand Total: 31 creatures vanquished

Notes
Turn   | Place    | Note
-------+----------+-------------------------------------------
     0 | D        | rocky1 the Mountain Dwarf Fighter began the quest for the
                  | Orb.
     0 | D        | Reached XP level 1. HP: 19/19 MP: 1/1
    42 | D        | Found a bloodstained altar of Trog.
    42 | D        | Found a shimmering blue altar of Sif Muna.
    42 | D        | Found a viscous altar of Jiyva.
    42 | D        | Found a hazy altar of Hepliaklqana.
    42 | D        | Found an opulent altar of Gozag.
    43 | D        | Found a glowing golden altar of the Shining One.
    43 | D        | Found a glowing silver altar of Zin.
    43 | D        | Found a basalt altar of Yredelemnul.
    43 | D        | Found a shimmering altar of Xom.
    43 | D        | Found an ornate altar of the Wu Jian Council.
    43 | D        | Found a sacrificial altar of Ru.
    43 | D        | Found a stormy altar of Qazlal.
    43 | D        | Found an iron altar of Okawaru.
    43 | D        | Found a sparkling altar of Nemelex Xobeh.
    43 | D        | Found a burning altar of Makhleb.
    43 | D        | Found a blossoming altar of Fedhas.
    43 | D        | Found a white marble altar of Elyvilon.
    43 | D        | Found a shadowy altar of Dithmenos.
    43 | D        | Found a snail-covered altar of Cheibriados.
    46 | D        | Found a corrupted altar of Lugonu.
    46 | D        | Found a radiant altar of Vehumet.
    46 | D        | Found a roughly hewn altar of Beogh.
    47 | D        | Found an ancient bone altar of Kikubaaqudgha.
    47 | D        | Found a hide-covered altar of Uskayaw.
    47 | D        | Found a broken altar of Ashenzari.
    50 | D        | Became a worshipper of Gozag Ym Sagoz the Greedy
    67 | D        | Noticed a glass eye
    67 | D        | Noticed a glass eye
    88 | D        | Killed a glass eye
    89 | D        | Reached skill level 5 in Fighting
    89 | D        | Reached skill level 6 in Polearms
    89 | D        | Reached skill level 5 in Armour
    89 | D        | Reached skill level 5 in Shields
    89 | D        | Reached XP level 2. HP: 30/30 MP: 1/6
    89 | D        | Reached XP level 3. HP: 37/37 MP: 1/7
    89 | D        | Reached XP level 4. HP: 44/44 MP: 1/8
    89 | D        | Reached XP level 5. HP: 50/50 MP: 1/9
   105 | D        | Killed a glass eye
   106 | D        | Reached skill level 8 in Polearms
   106 | D        | Reached XP level 6. HP: 61/61 MP: 2/10
   347 | D        | Noticed Terence
   380 | D        | Killed Terence
   381 | D        | Reached XP level 7. HP: 68/68 MP: 9/12
   840 | D        | Reached skill level 9 in Polearms
   960 | D        | Noticed Edmund
   979 | D        | Killed Edmund
   980 | D        | Reached skill level 10 in Polearms
   993 | D        | Reached skill level 11 in Polearms
   993 | D        | Reached XP level 8. HP: 32/75 MP: 14/14
  1499 | D        | Noticed a bog body
  1507 | D        | Noticed a demonic crawler
  1545 | D        | HP: 5/112 [demonic crawler (2)]
  1546 | D        | Slain by a demonic crawler

Illustrated notes

Levels and vault maps discovered:
D:        pitsprint [storerooms_1, entrance_room_1, metal_vault_5, armoury_1,
          mini_pit_1, grid_room_1, main_hall_1, silver_pit, the_coven_1,
          the_vestibule_1, steel_vault_2, golden_pit, hallway_of_sentries,
          crystal_vault_3, iron_vault_5, final_vault]

Skill      XL: |  1  2  3  4  5  6  7  8 |
---------------+-------------------------+-----
Fighting       | 5 7 8 |  8.7
Polearms       | 6 8 11 | 11.8
Armour         | 5 6 7 |  7.9
Dodging        | 2 3 |  3.8
Shields        | 5 6 7 |  7.6
Spellcasting   | 3 4 |  4.2
Axes           | 2 |  2.3

Action                     |  1- 3 |  4- 6 |  7- 9 || total
---------------------------+-------+-------+-------++-------
  Melee: Trident           |    23 |    65 |   118 ||   206
    Use: Potion            |       |       |     3 ||     3
         Scroll            |       |       |     1 ||     1
 Armour: Chain mail        |       |    11 |    36 ||    47
         Scale mail        |       |     3 |       ||     3
         Plate armour      |       |       |    40 ||    40
  Dodge: Dodged            |       |    10 |    38 ||    48
  Block: Buckler           |       |     5 |    22 ||    27

Table legend: (Time is in decaauts)
 A = Elapsed time spent in this place.
 B = Non-inter-level travel time spent in this place.
 C = Inter-level travel time spent in this place.
 D = Time resting spent in this place.
 E = Time spent auto-exploring this place.
 F = Levels seen in this place.
 G = Mean time per level.
                   A        B        C        D        E       F      G
               +--------+--------+--------+--------+--------+-----+--------+
         Total |   1526 |   1467 |     59 |   1000 |      0 |   1 | 1526.0 |
       Dungeon |   1526 |   1467 |     59 |   1000 |      0 |   1 | 1526.0 |
               +--------+--------+--------+--------+--------+-----+--------+

Top non-repeatable levels by time:
       D: 1526 daAuts
